 Dungeon Crawl Stone Soup version 0.31-a0-656-gb4d89c20fa (webtiles) character file.

Game seed: 13477022832436941546

117 arthad the Shield-Bearer (level 5, -1/33 HPs)
             Began as a Gargoyle Fighter on Aug 30, 2023.
             Killed by divine providence
             ... invoked by an orc priest
              (16 damage)
             ... on level 3 of the Dungeon.
             The game lasted 00:03:19 (1948 turns).

arthad the Shield-Bearer (Gargoyle Fighter)         Turns: 1948, Time: 00:03:20

Health: -1/33      AC: 11    Str: 22    XL:     5   Next: 1%
Magic:  5/5        EV:  9    Int:  8    God:
Gold:   79         SH:  4    Dex:  9    Spells: 4/4 levels left

rFire   . . .        a - +0 flail
rCold   + . .        c - +0 buckler
rNeg    + + .        b - +0 scale mail
rPois   ∞            (no helmet)
rElec   +            (no cloak)
rCorr   .            (no gloves)
SInv    .            (no boots)
Will    .....        (no amulet) Stlth
                     k - ring of protection from cold
HPRegen 0.25/turn    s - ring of positive energy
MPRegen 0.09/turn

%: no passive effects
@: no status effects
A: sickness immunity, AC +4, negative energy resistance 1, electricity
resistance, torment resistance 1, petrification resistance
a: no special abilities


You were on level 3 of the Dungeon.
You visited 1 branch of the dungeon, and saw 3 of its levels.

You collected 115 gold pieces.
You spent 36 gold pieces at shops.

Inventory:

Hand Weapons
 a - a +0 flail (weapon)
 t - the +6 war axe "Ineipug" {heavy, Contam rN+ Will+ Int+3}
   (You found it on level 2 of the Dungeon)

   Int+3:     It affects your intelligence (+3).
   rN+:       It protects you from negative energy.
   Will+:     It increases your willpower.
   Contam:    It causes magical contamination when unequipped.
Missiles
 o - 5 poisoned darts (quivered)
Armour
 b - a +0 scale mail (worn)
 c - a +0 buckler (worn)
 f - a scarf of invisibility
 p - the +4 chain mail "Roamato" {*Corrode rPois rF+ Int+4}
   (You found it on level 2 of the Dungeon)

   Int+4:     It affects your intelligence (+4).
   rF+:       It protects you from fire.
   rPois:     It protects you from poison *Corrode: It may corrode you when you
   take damage.
Jewellery
 k - a ring of protection from cold (left hand)
 s - a ring of positive energy (right hand)
Scrolls
 e - a scroll of summoning {unknown}
 j - 2 scrolls of identify {unknown}
 l - a scroll of enchant weapon {unknown}
 q - a scroll of amnesia {unknown}
 r - a scroll of fog {unknown}
 u - a scroll of teleportation
Potions
 d - a potion of might
 g - a potion of degeneration {unknown}
 h - a potion of mutation {unknown}
 i - a potion of magic {unknown}
 m - a potion of curing {unknown}
 n - a potion of heal wounds {unknown}
 v - a potion of cancellation {unknown}


   Skills:
 + Level 4.1 Fighting
 + Level 3.0 Maces & Flails
 + Level 4.1 Armour
 + Level 4.2 Shields


You had 4 spell levels left.
You didn't know any spells.
Your spell library contained the following spells:

 Spells                   Type           Power      Damage    Failure   Level
 Sandblast                Erth           0%         2d4       80%         1
 Passwall                 Tmut/Erth      0%         N/A       90%         2
 Dazzling Flash           Conj/Hex       0%         N/A       99%         3
 Stone Arrow              Conj/Erth      0%         3d7       99%         3
 Agony                    Necr           0%         N/A       100%        5
 Silence                  Hex/Air        0%         N/A       100%        5


Dungeon Overview and Level Annotations

Branches:
Dungeon (3/15)

Altars:
Cheibriados

Shops:
D:1 =   D:2 ?


Innate Abilities, Weirdness & Mutations

You are immune to sickness and miasma.
Your stone body is resilient. (AC +4)
You are immune to poison.
You resist negative energy. (rN+)
You are resistant to electric shocks. (rElec)
You are resistant to unholy torment.
You are immune to petrification.


Message History

You kill the rat!
No target in view!
No target in view!
No target in view!
No target in view!
No target in view!
No target in view!
You now have 79 gold pieces (gained 8).
o - 4 poisoned darts (gained 1)
o - 5 poisoned darts (gained 1)
An orc priest is nearby!
An orc priest is nearby!
The orc priest shouts!
The orc priest calls down the wrath of Beogh upon you.
Beogh smites you!
The orc priest begins to cast a cantrip, but forgets the words!
You sock the orc priest!
The orc priest is severely wounded.
The orc priest hits you with a +0 mace.
You are too injured to fight recklessly!
You are too injured to fight recklessly!
You are too injured to fight recklessly!
You are too injured to fight recklessly!
You are too injured to fight recklessly!
You are too injured to fight recklessly!
You are too injured to fight recklessly!
You are too injured to fight recklessly!
You are too injured to fight recklessly!
You are too injured to fight recklessly!
You are too injured to fight recklessly!
You are too injured to fight recklessly!
You barely miss the orc priest.
The orc priest is severely wounded.
The orc priest closely misses you.
The orc priest looks satisfied for a moment.
You hit the orc priest but do no damage.
The orc priest is heavily wounded.
The orc priest calls down the wrath of Beogh upon you.
Beogh smites you!
You die...

##.....#.....## ###...##
##.............#######..#
#.........<.......#####.####
#...........................
#.................#####.....
#........................###
#..................####.##
##................## #.#
##....)#..@o......# #.#
###########).###.# #.. ...#
.# ##. ..#.# .#


You could see an orc priest.

Vanquished Creatures
  5 adders (D:2)
  4 dart slugs
  3 orcs
  6 endoplasms
  2 giant cockroaches
  3 goblins (D:1)
  2 hobgoblins
  5 jackals
  3 quokkas
  3 ball pythons
  10 bats
  3 frilled lizards
  5 kobolds
  7 rats
61 creatures vanquished.

Notes
Turn   | Place    | Note
-------+----------+-------------------------------------------
     0 | D:1      | arthad the Gargoyle Fighter began the quest for the Orb.
     0 | D:1      | Reached XP level 1. HP: 14/14 MP: 1/1
   102 | D:1      | Reached XP level 2. HP: 19/19 MP: 2/2
   162 | D:1      | Found Ezeng's Jewellery Boutique.
   513 | D:1      | Reached XP level 3. HP: 23/23 MP: 3/3
  1148 | D:2      | Reached XP level 4. HP: 28/29 MP: 4/4
  1309 | D:2      | Identified the +4 chain mail "Roamato" {*Corrode rPois rF+
                  | Int+4}
  1375 | D:2      | Found a faded altar of an unknown god.
  1401 | D:2      | Found a snail-covered altar of Cheibriados.
  1429 | D:2      | Identified the +6 war axe "Ineipug" {heavy, Contam rN+
                  | Will+ Int+3}
  1510 | D:2      | Found Siann's Magic Scroll Boutique.
  1513 | D:2      | Bought a scroll of teleportation for 36 gold pieces
  1886 | D:3      | Reached XP level 5. HP: 31/33 MP: 5/5
  1948 | D:3      | Killed from afar by an orc priest

Illustrated notes

Levels and vault maps discovered:
D:1:      sevenhm_arrival_forest_fort_small_4, layout_basic, serial_shops, shop,
          nicolae_figureground_pulse
D:2:      layout_rooms, shapermc_ecumenical_altar_flowoftime, basic_altar,
          serial_shops, nicolae_shop_rolled_up
D:3:      layout_rooms

Skill      XL: |  1  2  3  4 |
---------------+-------------+-----
Shields        | 4 |  4.2
Fighting       | 4 |  4.1
Armour         | 4 |  4.1
Maces & Flails | 3 |  3.0

Action                     |  1- 3 |  4- 6 || total
---------------------------+-------+-------++-------
  Melee: Flail             |   146 |    89 ||   235
  Throw: Dart              |       |     2 ||     2
 Armour: Scale mail        |   105 |    66 ||   171
  Dodge: Dodged            |    97 |    58 ||   155
  Block: Buckler           |    28 |    20 ||    48

Table legend: (Time is in decaauts)
 A = Elapsed time spent in this place.
 B = Non-inter-level travel time spent in this place.
 C = Inter-level travel time spent in this place.
 D = Time resting spent in this place.
 E = Time spent auto-exploring this place.
 F = Levels seen in this place.
 G = Mean time per level.
                   A        B        C        D        E       F      G
               +--------+--------+--------+--------+--------+-----+--------+
         Total |   2025 |   1968 |     57 |     53 |   1361 |   3 |  675.0 |
       Dungeon |   2025 |   1968 |     57 |     53 |   1361 |   3 |  675.0 |
               +--------+--------+--------+--------+--------+-----+--------+

Top non-repeatable levels by time:
     D:1: 942 daAuts
     D:2: 796 daAuts
     D:3: 286 daAuts
